 Dungeon Crawl Stone Soup version 0.25-a0-843-g6944ee31a2 (webtiles) character file.

Game seed: 6677926593636697654, levelgen mode: deterministic

5728 MIKEmikeMIKE the Cleaver (level 10, -18/108 HPs)
             Began as a Minotaur Hunter on Apr 25, 2020.
             Was a Believer of Nemelex Xobeh.
             Demolished by a large abomination (21 damage)
             ... on level 1 of the Abyss.
             The game lasted 01:28:17 (10537 turns).

MIKEmikeMIKE the Cleaver (Minotaur Hunter)         Turns: 10537, Time: 01:28:24

Health: -18/108    AC: 17    Str: 19    XL:     10   Next: 48%
Magic:  0/9        EV:  7    Int:  8    God:    Nemelex Xobeh [**....]
Gold:   159        SH:  0    Dex:  8    Spells: 9/9 levels left

rFire    + . .     SeeInvis .   L - +1 mace (holy)
rCold    . . .     Gourm    .   (no shield)
rNeg     . . .     Faith    .   j - +5 plate armour
rPois    .         Spirit   +   (helmet restricted)
rElec    .         Reflect  .   y - +2 cloak
rCorr    .         Harm     .   (no gloves)
MR       .....     Rnd*Rage +   (no boots)
Stlth    ..........             l - amulet of guardian spirit
HPRegen  0.00/turn              i - ring of protection from fire
MPRegen  0.11/turn              (no ring)

@: berserking, very quick
A: retaliatory headbutt, horns 2, [berserk 2], [blurry vision 2], [clumsy 2],
[deformed body], [frail 2], [inhibited regeneration]
a: Draw Escape, Draw Destruction, Draw Summoning, Renounce Religion


You were on level 1 of the Abyss.
You worshipped Nemelex Xobeh.
Nemelex Xobeh was pleased with you.
You were not hungry.

You visited 1 branch of the dungeon, and saw 8 of its levels.
You visited the Abyss 1 time.
You also visited: Sewer.

You collected 382 gold pieces.
You spent 223 gold pieces at shops.

Inventory:

Hand Weapons
 a - a +1 hand crossbow
 A - a +0 vampiric battleaxe
 J - a +0 shortbow
 L - a +1 mace of holy wrath (weapon)
 M - a +4 scimitar
 N - a +3 spear of freezing
Missiles
 e - 336 stones
 f - a boomerang of dispersal
 p - 240 arrows
 q - 7 poisoned darts (quivered)
 v - 26 bolts
Armour
 j - a +5 plate armour (worn)
 w - a +0 robe of magic resistance
 y - a +2 cloak (worn)
 H - a scarf of cloud immunity
Jewellery
 i - a ring of protection from fire (left hand)
 l - an amulet of guardian spirit (around neck)
 B - an uncursed ring of protection from cold
Wands
 k - a wand of acid (10)
 n - a wand of enslavement (7)
 D - a wand of polymorph (11)
Scrolls
 b - 3 scrolls of noise
 c - a scroll of enchant armour
 d - 3 scrolls of amnesia
 g - 2 scrolls of fear
 r - a scroll of remove curse
 t - 2 scrolls of magic mapping
 x - a scroll of vulnerability
 z - 2 scrolls of identify
Potions
 m - a potion of degeneration
 o - a potion of might
 s - a potion of ambrosia
 C - 2 potions of curing
 E - a potion of stabbing
 K - 2 potions of flight
Comestibles
 F - a ration


   Skills:
 + Level 8.7 Fighting
   Level 0.1 Short Blades
 + Level 10.0(11.1) Axes
 + Level 2.1(6.7) Maces & Flails
 + Level 7.6(9.9) Polearms
 + Level 6.5 Crossbows
 + Level 1.9 Throwing
 + Level 8.7 Armour
 + Level 2.9 Dodging
 + Level 1.2 Stealth


You had 9 spell levels left.
You didn't know any spells.
Your spell library contained the following spells:

 Spells                   Type           Power        Failure   Level  Hunger
 Magic Dart               Conj           #...         100%        1    ##.....
 Shock                    Conj/Air       #...         100%        1    ##.....
 Blink                    Tloc           N/A          100%        2    ###....
 Call Imp                 Summ           #.......     100%        2    ###....
 Slow                     Hex            #.......     100%        2    ###....
 Swiftness                Chrm/Air       #.......     100%        2    ###....
 Conjure Flame            Conj/Fire      #.......     100%        3    ####...
 Mephitic Cloud           Conj/Pois/Air  #.......     100%        3    ####...
 Static Discharge         Conj/Air       #.......     100%        3    ####...
 Airstrike                Air            #.........   100%        4    #####..
 Lightning Bolt           Conj/Air       #.........   100%        5    ######.


Dungeon Overview and Level Annotations

Branches:
Dungeon (8/15)             Temple (0/1) D:6           Sewer (visited)
   Lair: D:8-11

Altars:
Kikubaaqudgha
Nemelex Xobeh
Qazlal
Trog
Vehumet

Shops:
D:6 *[

Annotations:
D:8 1 transporter, incide's ghost, novice DsGl


Innate Abilities, Weirdness & Mutations

You reflexively headbutt those who attack you in melee.
You have a pair of horns on your head.
[You often lose your temper in combat.]
[Scrolls take you longer to read.]
[You are very clumsy. (Dex -4)]
[Armour fits poorly on your strangely shaped body.]
[You are very frail. (-20% HP)]
[You do not regenerate when monsters are visible.]


Message History

The large abomination hits you!!
* * * LOW HITPOINT WARNING * * *
You feel better.
You are covered in liquid flames!
The large abomination hits you.
* * * LOW HITPOINT WARNING * * *
A red film seems to cover your vision as you go berserk!
You feel yourself moving faster!
You feel mighty!
The smoke demon closely misses you. x2; The smoke demon hits you.
* * * LOW HITPOINT WARNING * * *
The large abomination hits you!
* * * LOW HITPOINT WARNING * * *
You closely miss the smoke demon.
The smoke demon is lightly wounded.
The smoke demon gestures at you. The ball of steam hits you. You resist.
* * * LOW HITPOINT WARNING * * *
The large abomination hits you!!
You die...
Your body glows slightly and disappears.

. #... .. ... .
##.##..##.#...# .
#..#..#...#.#.#..#
..#...#3#... # #.
..#. .# .##
#...#.##○### .
#...##...#...# # #
#... ####3##. #.
#.. # #@#.#.##. #
. #○X#.# . .. #
#○# ....## .#.#
#.# #.... ..
....#.# . . .# .
...## . ## . #
...# ..# .
..#.#.#### .# ## .
###.. ... .##


You could see a large abomination and a smoke demon.

Vanquished Creatures
  A two-headed ogre (D:7)
  A wretched star (Abyss:1)
  3 hippogriffs
  A yak (D:7)
  3 hogs (D:7)
  A human (D:7)
  2 hungry ghosts
  3 sky beasts
  An orc warrior (D:7)
  2 phantoms (D:4)
  A black bear (D:6)
  2 ogres (D:4)
  4 centaurs
  2 big kobolds
  3 bullfrogs
  A gnoll sergeant (D:7)
  A scorpion (D:4)
  3 killer bees (D:7)
  8 wights (D:6)
  A howler monkey (D:5)
  A crimson imp (D:8)
  A bullfrog zombie (D:8)
  2 centaur skeletons
  2 hounds
  8 orc priests
  A jelly (D:7)
  5 orc wizards
  A bullfrog skeleton (D:7)
  Natasha (thrice) (D:2)
  3 worker ants
  A hound skeleton (D:6)
  5 gnolls
  7 adders
  2 river rats (Sewer)
  3 shadow imps
  An ooze (D:3)
  An adder zombie (D:6)
  An adder skeleton (D:4)
  4 worms
  2 dart slugs
  4 leopard geckos
  40 orcs
  11 giant cockroaches
  6 goblins
  A hobgoblin (D:2)
  10 jackals
  2 quokkas (D:3)
  2 ball pythons
  6 bats
  3 frilled lizards
  15 kobolds
  A leopard gecko zombie (D:7)
  10 rats
209 creatures vanquished.

Vanquished Creatures (collateral kills)
  An orc priest (D:5)
  3 orcs (D:5)
4 creatures vanquished.

Vanquished Creatures (others)
  A dart slug (D:1)
  2 jackals (D:1)
3 creatures vanquished.

Grand Total: 216 creatures vanquished

Notes
Turn   | Place    | Note
-------+----------+-------------------------------------------
     0 | D:1      | MIKEmikeMIKE the Minotaur Hunter began the quest for the
                  | Orb.
     0 | D:1      | Reached XP level 1. HP: 18/18 MP: 0/0
   198 | D:1      | You fall into a shaft and drop 1 floor!
   233 | D:2      | Reached skill level 1 in Armour
   233 | D:2      | Reached XP level 2. HP: 16/25 MP: 1/1
   254 | D:2      | Found a radiant altar of Vehumet.
   526 | D:2      | Noticed Natasha
   531 | D:2      | Killed Natasha
   531 | D:2      | Reached skill level 5 in Crossbows
   531 | D:2      | Reached XP level 3. HP: 20/30 MP: 2/2
  1867 | D:2      | Noticed Natasha
  1869 | D:2      | Killed Natasha
  1869 | D:2      | Reached XP level 4. HP: 37/37 MP: 3/3
  1875 | D:2      | Noticed Natasha
  1889 | D:2      | Killed Natasha
  2373 | D:3      | Reached XP level 5. HP: 42/42 MP: 4/4
  2409 | D:3      | Reached skill level 1 in Axes
  3788 | D:4      | Reached skill level 2 in Axes
  3813 | D:4      | Noticed a phantom
  3920 | D:4      | Killed a phantom
  3920 | D:4      | Reached XP level 6. HP: 27/51 MP: 2/5
  4177 | D:4      | Reached skill level 3 in Axes
  4255 | D:4      | Reached skill level 1 in Throwing
  4538 | D:4      | Reached XP level 7. HP: 57/57 MP: 6/6
  4657 | D:4      | Found a sparkling altar of Nemelex Xobeh.
  4663 | D:4      | Became a worshipper of Nemelex Xobeh the Trickster
  4689 | D:4      | Reached skill level 4 in Axes
  4693 | D:4      | Identified the +1 leather armour of the Little Devil {Str-5
                  | Int+6}
  4894 | D:4      | Reached skill level 1 in Stealth
  5060 | D:4      | Reached skill level 5 in Axes
  5239 | D:5      | Entered Level 5 of the Dungeon
  5557 | D:5      | Received a gift from Nemelex Xobeh
  5966 | D:5      | Found an ancient bone altar of Kikubaaqudgha.
  5983 | D:5      | Reached skill level 5 in Armour
  6061 | D:5      | Noticed a wyvern
  6242 | D:5      | Reached skill level 6 in Axes
  6755 | D:6      | Reached XP level 8. HP: 66/67 MP: 7/7
  6764 | D:6      | Reached * piety under Nemelex Xobeh
  6782 | D:6      | Found Pissao's Armour Emporium.
  6785 | D:6      | Bought a +0 tower shield for 45 gold pieces
  6785 | D:6      | Bought a scarf of cloud immunity for 70 gold pieces
  6804 | D:6      | Found Afuhetta's Assorted Antiques.
  6861 | D:6      | Reached skill level 7 in Axes
  6878 | D:6      | Bought a scroll of identify for 54 gold pieces
  6878 | D:6      | Bought a scroll of identify for 54 gold pieces
  6901 | D:6      | Reached skill level 5 in Fighting
  6934 | D:6      | Found a staircase to the Ecumenical Temple.
  7003 | D:6      | Found a glowing drain.
  7037 | Sewer    | Entered a sewer
  7134 | Sewer    | Reached skill level 8 in Axes
  7178 | Sewer    | Found a white marble altar of Elyvilon.
  7400 | D:6      | Reached skill level 9 in Axes
  7495 | D:6      | Received a gift from Nemelex Xobeh
  7496 | D:6      | Reached skill level 1 in Polearms
  7498 | D:6      | Reached XP level 9. HP: 71/75 MP: 6/8
  7861 | D:7      | Noticed a two-headed ogre
  7972 | D:7      | Found a bloodstained altar of Trog.
  8657 | D:7      | Reached skill level 10 in Axes
  9099 | D:7      | Found a stormy altar of Qazlal.
  9143 | D:7      | Reached ** piety under Nemelex Xobeh
  9160 | D:7      | Reached skill level 5 in Polearms
  9422 | D:7      | Received a gift from Nemelex Xobeh
  9482 | D:7      | Reached XP level 10. HP: 84/86 MP: 7/9
  9787 | D:7      | Killed a two-headed ogre
  9787 | D:7      | Reached skill level 1 in Maces & Flails
 10313 | D:8      | Received a gift from Nemelex Xobeh
 10394 | D:8      | Found a transporter.
 10425 | D:8      | Found a transporter.
 10433 | D:8      | Noticed a toenail golem
 10433 | D:8      | Noticed incide's ghost (novice DsGl)
 10433 | D:8      | Cast into level 1 of the Abyss (orc warrior)
 10479 | Abyss:1  | Noticed a wretched star
 10511 | Abyss:1  | Killed a wretched star
 10516 | Abyss:1  | Noticed a smoke demon
 10531 | Abyss:1  | Noticed a large abomination
 10537 | Abyss:1  | HP: 3/108 [smoke demon/ball of steam (4)]
 10537 | Abyss:1  | Demolished by a large abomination

Levels and vault maps discovered:
D:1:      minmay_arrival_shattered_statue, layout_basic, lemuel_flame_loot_1
D:2:      layout_basic, vehumet_crystals, uniq_natasha
D:3:      layout_basic
D:4:      layout_loops_ring, kennysheep_little_box, minmay_starry_boxes
D:5:      layout_layer_cave, lemuel_doored_altar, first_ration
D:6:      layout_cave_pools, temple_hall, serial_shops, shop,
          kennysheep_mini_moat, cheibrodos_sewer_entry_drain
D:7:      minmay_evil_eye, layout_cave_pods, lemuel_round_altar,
          old_standard_altar, grunt_livestock
D:8:      layout_rooms, kennysheep_mini, marbit_many_paths,
          gammafunk_temple_overflow_statue, erik_lair_dragon,
          gammafunk_ghost_abyssal_escape, minivault_11
Abyss:1:  base: D:6, guppyfry_abyss_exit_imp_island

Skill      XL: |  1  2  3  4  5  6  7  8  9 10 |
---------------+-------------------------------+-----
Armour         | 1 2 3 4 5 6 7 8 |  8.7
Crossbows      | 5 6 |  6.5
Axes           | 2 3 6 9 10 | 10.0
Fighting       | 3 4 5 7 8 |  8.7
Throwing       | 1 |  1.9
Stealth        | 1 |  1.2
Polearms       | 1 6 7 |  7.6
Maces & Flails | 2 |  2.1
Short Blades   | |  0.1
Dodging        | |  2.9

Action                   |  1- 3 |  4- 6 |  7- 9 | 10-12 || total
-------------------------+-------+-------+-------+-------++-------
Melee: Battleaxe         |       |   190 |   244 |       ||   434
       Dagger            |       |    14 |       |       ||    14
       Headbutt          |       |    28 |    84 |    24 ||   136
       Spear             |       |       |   183 |    66 ||   249
       Mace              |       |       |    14 |    15 ||    29
 Fire: Hand crossbow     |    72 |     2 |       |       ||    74
Throw: Stone             |     1 |    30 |       |       ||    31
       Boomerang         |       |       |     5 |       ||     5
       Dart              |       |       |     2 |       ||     2
Invok: Draw Summoning    |       |       |     1 |     2 ||     3
       Draw Destruction  |       |       |     3 |     6 ||     9
       Draw Escape       |       |       |     1 |     1 ||     2
  Use: Scroll            |     2 |     4 |    12 |     2 ||    20
       Potion            |       |     2 |     5 |     2 ||     9
  Eat: Ration            |     1 |     2 |     4 |     4 ||    11
       Chunk             |       |     2 |    12 |     1 ||    15
Armor: Plate armour      |    26 |   257 |   424 |    59 ||   766
       Leather armour    |     1 |       |       |       ||     1
       Robe              |       |     1 |       |       ||     1
Dodge: Dodged            |    10 |    93 |   153 |    23 ||   279

Table legend:
 A = Non-vault XP
 B = Vault XP
 C = Vault XP percentage of total XP
 D = Non-vault monster count
 E = Vault monster count
 F = Vault count percentage of total count
                 A         B        C        D         E       F
            +---------+---------+-------+---------+---------+-------
      Total |    6679 |    1504 |  18.4 |     189 |      24 |  11.3
            +---------+---------+-------+---------+---------+-------
        D:1 |      26 |       0 |   0.0 |      17 |       0 |   0.0
        D:2 |     103 |      37 |  26.4 |      15 |       1 |   6.2
        D:3 |     165 |       0 |   0.0 |      27 |       0 |   0.0
        D:4 |     558 |     201 |  26.5 |      27 |       5 |  15.6
        D:5 |     321 |       0 |   0.0 |      24 |       0 |   0.0
        D:6 |    1413 |       4 |   0.3 |      29 |       2 |   6.5
        D:7 |    2928 |    1129 |  27.8 |      41 |       8 |  16.3
        D:8 |     398 |       0 |   0.0 |       7 |       0 |   0.0
    Abyss:1 |     767 |       0 |   0.0 |       2 |       0 |   0.0
      Sewer |       0 |     133 | 100.0 |       0 |       8 | 100.0
            +---------+---------+-------+---------+---------+-------
